 Dungeon Crawl Stone Soup version 0.23.0 (webtiles) character file.

Game seed: 5130064048284818371

5573 Lanoc the Magician (level 10, -7/71 (74) HPs)
             Began as a Gnoll Fire Elementalist on Feb 15, 2019.
             Was a Follower of Vehumet.
             Mangled by Harold
             ... wielding a +0 war axe
              (19 damage)
             ... on level 9 of the Dungeon.
             The game lasted 00:24:52 (7075 turns).

Lanoc the Magician (Gnoll Fire Elementalist)        Turns: 7075, Time: 00:24:52

HP:   -7/71 (74)    AC:  3    Str: 14    XL:     10   Next: 72%
MP:   15/30         EV: 17    Int: 21    God:    Vehumet [*.....]
Gold: 209           SH:  0    Dex: 16    Spells: 5/24 levels left

rFire    + . .     SeeInvis .   D - +0 quarterstaff of Hepliaklqana {pain, Str+4}
rCold    + . .     Gourm    .   (shield currently unavailable)
rNeg     . . .     Faith    .   y - +1 robe {MR+}
rPois    .         Spirit   .   (no helmet)
rElec    .         Reflect  .   F - scarf {rC+ rF+}
rCorr    .         Harm     .   (no gloves)
MR       ++...                  (no boots)
Stlth    ++++......             n - amulet of regeneration
HPRegen  0.61/turn              b - ring of protection from magic
MPRegen  0.22/turn              m - ring of magical power

@: very slightly contaminated
A: distributed training, fangs 1, strong nose
a: Renounce Religion


You were on level 9 of the Dungeon.
You worshipped Vehumet.
Vehumet was aware of your devotion.
You were hungry.

You visited 2 branches of the dungeon, and saw 10 of its levels.

You collected 497 gold pieces.
You spent 288 gold pieces at shops.

Inventory:

Hand Weapons
 D - the +0 quarterstaff of Hepliaklqana (weapon) {pain, Str+4}
   (You bought it in a shop on level 7 of the Dungeon)

   In the hands of one skilled in necromantic magic, it inflicts extra damage on
   living creatures.
   It affects your strength (+4).
Missiles
 j - 107 sling bullets
 l - 106 bolts
 x - 128 arrows
 C - 8 tomahawks of returning (quivered)
Armour
 y - a +1 robe of magic resistance (worn)
 F - a scarf of resistance (worn)
 I - a +2 robe of positive energy
Magical Staves
 r - an uncursed staff of earth
 E - an uncursed staff of cold
Jewellery
 b - a ring of protection from magic (left hand)
 m - a ring of magical power (right hand)
 n - an amulet of regeneration (around neck)
Wands
 a - a wand of clouds (2)
 o - a wand of random effects (12)
 t - a wand of iceblast (7)
 B - a wand of digging (5)
Scrolls
 g - a scroll of random uselessness {unknown}
 h - a scroll of noise {unknown}
 i - a scroll of enchant armour {unknown}
 p - a scroll of enchant weapon {unknown}
 q - 2 scrolls of teleportation
 s - a scroll of fear {unknown}
 u - 3 scrolls of remove curse
 z - 4 scrolls of immolation
 G - 2 scrolls of summoning {unknown}
 H - a scroll of fog {unknown}
Potions
 d - a potion of flight
 e - 2 potions of degeneration {unknown}
 f - 2 potions of brilliance
 k - a potion of heal wounds
 v - a potion of lignification
 w - a potion of agility
 A - 3 potions of curing {unknown}
 J - a potion of might
Comestibles
 c - 16 rations
 K - 8 chunks of flesh


   Skills:
 + Level 5.4 Fighting
 + Level 5.4 Short Blades
 + Level 5.4 Long Blades
 + Level 5.4 Axes
 + Level 5.4 Maces & Flails
 + Level 5.4 Polearms
 + Level 5.4 Staves
 + Level 5.4 Slings
 + Level 5.4 Bows
 + Level 5.4 Crossbows
 + Level 5.4 Throwing
 + Level 5.4 Armour
 + Level 7.2 Dodging
 + Level 6.9 Stealth
 + Level 5.4 Shields
 + Level 5.4 Unarmed Combat
 + Level 7.5 Spellcasting
 + Level 5.0 Conjurations
 + Level 4.5 Hexes
 + Level 4.5 Charms
 + Level 4.5 Summonings
 + Level 4.5 Necromancy
 + Level 4.5 Translocations
 + Level 4.5 Transmutations
 + Level 7.2 Fire Magic
 + Level 4.5 Ice Magic
 + Level 4.5 Air Magic
 + Level 4.5 Earth Magic
 + Level 4.5 Poison Magic
 + Level 6.0 Invocations
 + Level 5.4 Evocations


You had 5 spell levels left.
You knew the following spells:

 Your Spells              Type           Power        Failure   Level  Hunger
a - Flame Tongue          Conj/Fire      ####.        1%          1    None
b - Sticky Flame          Conj/Fire      ####....     7%          4    ###....
c - Fireball              Conj/Fire      ####......   19%         5    #####..
d - Throw Flame           Conj/Fire      ####..       1%          2    None
e - Regeneration          Chrm/Necr      ####......   4%          3    None
f - Animate Dead          Necr           N/A          13%         4    ###....

Your spell library contained the following spells:

 Spells                   Type           Power        Failure   Level  Hunger
 Sting                    Conj/Pois      ####         1%          1    None
 Animate Skeleton         Necr           N/A          1%          1    None
 Pain                     Necr           ####         1%          1    None
 Conjure Flame            Conj/Fire      ####....     1%          3    None
 Inner Flame              Hex/Fire       ####....     2%          3    None
 Vampiric Draining        Necr           ####......   4%          3    None
 Cause Fear               Hex            ####......   13%         4    ###....
 Silence                  Hex/Air        ####......   36%         5    #####..
 Yara's Violent Unravell  Hex/Tmut       ####......   36%         5    #####..
 Deflect Missiles         Chrm/Air       ####......   90%         6    ######.
 Discord                  Hex            ####......   100%        8    #######


Dungeon Overview and Level Annotations

Branches:
Dungeon (9/15)             Temple (1/1) D:5             Orc (0/2) D:9
   Lair: D:8-11

Altars:
Cheibriados
Dithmenos
Elyvilon
Fedhas
Gozag
Hepliaklqana
Kikubaaqudgha
Makhleb
Okawaru
Qazlal
Ru
Sif Muna
Trog
Uskayaw
Vehumet
Wu Jian
Xom
Yredelemnul
Zin
The Shining One

Shops:
D:7 (   D:8 :

Annotations:
D:9 Harold


Innate Abilities, Weirdness & Mutations

Your experience applies equally to all skills.
You have very sharp teeth.
Your uncanny sense of smell can sniff out nearby items.


Message History

You barely resist.
You see here a throwing net.
Harold burns!
Harold throws a throwing net.
The throwing net hits you.
You become entangled in the net!
You see here a throwing net.
You tear a large gash into the net.
Harold burns!
Harold stops burning.
Harold zaps a wand.
You resist with almost no effort.
You struggle against the net.
Harold gestures at you while chanting. The harpoon shot hits you!!
* * * LOW HITPOINT WARNING * * *
You are yanked forward by the harpoon shot.
Casting: Flame Tongue (safe; 1% risk of failure)
Confirm with . or Enter, or press ? or * to list all spells.
Aiming: Sticky Flame (safe; 7% risk of failure)
Press: ? - help, Shift-Dir - straight line, f/p - Harold
Aim: Harold, wielding a +0 war axe, wearing a +0 ring mail and carrying a wand of paralysis (1) (almost dead)
You miscast Sticky Flame.
Wisps of smoke drift from your hands. Harold hits you with a +0 war axe!!
You die...

+.........#
#..<......#
#.........#
#.........#
####'######
#.# #(#
####'######
#.>.)@....#
#....@....#
∆
+.........#
#...>.....#
#.........#
#.........#
###########


You could see Harold.

Vanquished Creatures
  Pikel (D:5)
  Maurice (D:8)
  A centaur skeleton (D:7)
  Psyche (D:8)
  Prince Ribbit (D:8)
  A spriggan (D:7)
  Grum (D:8)
  A water moccasin (D:8)
  An orc warrior (D:7)
  2 ice beasts
  3 sky beasts
  A necrophage (D:5)
  4 wolves (D:8)
  3 ogres
  5 centaurs
  6 bullfrogs
  A scorpion (D:4)
  6 killer bees (D:8)
  4 howler monkeys
  3 crimson imps
  6 hounds
  2 jellies
  3 orc priests
  3 orc wizards
  A bullfrog skeleton (D:8)
  6 iguanas
  Natasha (thrice) (D:2)
  Terence (D:3)
  5 worker ants
  A killer bee zombie (D:8)
  A worker ant zombie (D:7)
  Robin (D:2)
  6 adders
  2 adder skeletons
  An adder zombie (D:8)
  4 worms
  3 dart slugs
  5 leopard geckos
  17 orcs
  3 ball pythons
  5 giant cockroaches
  13 goblins
  12 hobgoblins
  11 jackals
  A quokka (D:7)
  3 bats
  3 frilled lizards
  8 kobolds
  A leopard gecko zombie (D:5)
  A quokka skeleton (D:4)
  8 rats
187 creatures vanquished.

Notes
Turn   | Place    | Note
-------+----------+-------------------------------------------
     0 | D:1      | Lanoc the Gnoll Fire Elementalist began the quest for the
                  | Orb.
     0 | D:1      | Reached XP level 1. HP: 13/13 MP: 6/6
   142 | D:1      | Reached XP level 2. HP: 18/19 MP: 5/7
   690 | D:2      | Reached XP level 3. HP: 25/25 MP: 6/9
   693 | D:2      | Reached skill level 5 in Spellcasting
   849 | D:2      | Reached skill level 1 in Invocations
   873 | D:2      | Noticed Natasha
   879 | D:2      | Killed Natasha
   879 | D:2      | Reached skill level 1 in Fighting
   879 | D:2      | Reached skill level 1 in Short Blades
   879 | D:2      | Reached skill level 1 in Long Blades
   879 | D:2      | Reached skill level 1 in Axes
   879 | D:2      | Reached skill level 1 in Maces & Flails
   879 | D:2      | Reached skill level 1 in Polearms
   879 | D:2      | Reached skill level 1 in Staves
   879 | D:2      | Reached skill level 1 in Slings
   879 | D:2      | Reached skill level 1 in Bows
   879 | D:2      | Reached skill level 1 in Crossbows
   879 | D:2      | Reached skill level 1 in Throwing
   879 | D:2      | Reached skill level 1 in Armour
   879 | D:2      | Reached skill level 1 in Shields
   879 | D:2      | Reached skill level 1 in Unarmed Combat
   879 | D:2      | Reached skill level 1 in Evocations
   879 | D:2      | Reached XP level 4. HP: 13/32 MP: 6/11
   899 | D:2      | Learned a level 4 spell: Sticky Flame
  1119 | D:2      | Noticed Natasha
  1125 | D:2      | Killed Natasha
  1125 | D:2      | Reached skill level 1 in Hexes
  1125 | D:2      | Reached skill level 1 in Charms
  1125 | D:2      | Reached skill level 1 in Summonings
  1125 | D:2      | Reached skill level 1 in Necromancy
  1125 | D:2      | Reached skill level 1 in Translocations
  1125 | D:2      | Reached skill level 1 in Transmutations
  1125 | D:2      | Reached skill level 1 in Ice Magic
  1125 | D:2      | Reached skill level 1 in Air Magic
  1125 | D:2      | Reached skill level 1 in Earth Magic
  1125 | D:2      | Reached skill level 1 in Poison Magic
  1152 | D:2      | Noticed Natasha
  1161 | D:2      | Killed Natasha
  1161 | D:2      | Reached XP level 5. HP: 26/37 MP: 12/12
  1175 | D:2      | Noticed Robin
  1189 | D:2      | Killed Robin
  1376 | D:2      | Learned a level 5 spell: Fireball
  1386 | D:3      | Learned a level 2 spell: Throw Flame
  1563 | D:3      | Found an ancient bone altar of Kikubaaqudgha.
  1564 | D:3      | Found a glowing golden altar of the Shining One.
  2074 | D:3      | Noticed Terence
  2082 | D:3      | Killed Terence
  2082 | D:3      | Reached XP level 6. HP: 44/44 MP: 3/13
  2312 | D:4      | Found a sacrificial altar of Ru.
  2315 | D:4      | Reached skill level 5 in Dodging
  2389 | D:4      | Found a radiant altar of Vehumet.
  2476 | D:4      | Reached XP level 7. HP: 50/50 MP: 2/15
  2752 | D:5      | Entered Level 5 of the Dungeon
  2996 | D:5      | Reached skill level 5 in Stealth
  3237 | D:5      | Found a staircase to the Ecumenical Temple.
  3243 | Temple   | Entered the Ecumenical Temple
  3546 | D:5      | Found a deep blue altar of Sif Muna.
  3611 | D:5      | Reached XP level 8. HP: 55/55 MP: 16/16
  3736 | D:5      | Noticed Pikel
  3744 | D:5      | Killed Pikel
  3925 | D:4      | Became a worshipper of Vehumet
  4385 | D:6      | Reached XP level 9. HP: 60/62 MP: 12/18
  5284 | D:7      | Found a blossoming altar of Fedhas.
  5378 | D:7      | Found Ezamash's Antique Weapon Shop.
  5396 | D:7      | Bought a warped quarterstaff for 288 gold pieces
  5396 | D:7      | Identified the cursed +0 quarterstaff of Hepliaklqana
                  | {pain, Str+4} (You bought it in a shop on level 7 of the
                  | Dungeon)
  5451 | D:7      | Found a stormy altar of Qazlal.
  5512 | D:7      | Learned a level 3 spell: Regeneration
  5769 | D:8      | Found Xunn's Book Shoppe.
  5810 | D:8      | Reached skill level 5 in Invocations
  5813 | D:8      | Noticed Maurice
  5820 | D:8      | Reached * piety under Vehumet
  5820 | D:8      | Offered knowledge of Sting by Vehumet.
  5905 | D:8      | Killed Maurice
  5905 | D:8      | Reached XP level 10. HP: 54/70 MP: 20/20
  6280 | D:8      | Reached skill level 5 in Fighting
  6280 | D:8      | Reached skill level 5 in Short Blades
  6280 | D:8      | Reached skill level 5 in Long Blades
  6280 | D:8      | Reached skill level 5 in Axes
  6280 | D:8      | Reached skill level 5 in Maces & Flails
  6280 | D:8      | Reached skill level 5 in Polearms
  6280 | D:8      | Reached skill level 5 in Staves
  6280 | D:8      | Reached skill level 5 in Slings
  6280 | D:8      | Reached skill level 5 in Bows
  6280 | D:8      | Reached skill level 5 in Crossbows
  6280 | D:8      | Reached skill level 5 in Throwing
  6280 | D:8      | Reached skill level 5 in Armour
  6280 | D:8      | Reached skill level 5 in Shields
  6280 | D:8      | Reached skill level 5 in Unarmed Combat
  6280 | D:8      | Reached skill level 5 in Evocations
  6383 | D:8      | Noticed Psyche
  6391 | D:8      | Killed Psyche
  6482 | D:8      | Noticed Grum
  6504 | D:8      | Killed Grum
  6764 | D:8      | Noticed Prince Ribbit
  6772 | D:8      | Killed Prince Ribbit
  6772 | D:8      | Reached skill level 5 in Conjurations
  6824 | D:9      | Learned a level 4 spell: Animate Dead
  6879 | D:9      | Found a staircase to the Orcish Mines.
  7056 | D:9      | Noticed Harold
  7075 | D:9      | Mangled by Harold

Skill      XL: |  1  2  3  4  5  6  7  8  9 10 |
---------------+-------------------------------+-----
Conjurations   | 2 3 4 5 |  5.0
Spellcasting   | 5 6 7 |  7.5
Invocations    | 1 2 3 4 5 6 |  6.0
Fighting       | 1 2 3 4 5 |  5.4
Short Blades   | 1 2 3 4 5 |  5.4
Long Blades    | 1 2 3 4 5 |  5.4
Axes           | 1 2 3 4 5 |  5.4
Maces & Flails | 1 2 3 4 5 |  5.4
Polearms       | 1 2 3 4 5 |  5.4
Staves         | 1 2 3 4 5 |  5.4
Slings         | 1 2 3 4 5 |  5.4
Bows           | 1 2 3 4 5 |  5.4
Crossbows      | 1 2 3 4 5 |  5.4
Throwing       | 1 2 3 4 5 |  5.4
Armour         | 1 2 3 4 5 |  5.4
Shields        | 1 2 3 4 5 |  5.4
Unarmed Combat | 1 2 3 4 5 |  5.4
Evocations     | 1 2 3 4 5 |  5.4
Hexes          | 1 2 3 4 |  4.5
Charms         | 1 2 3 4 |  4.5
Summonings     | 1 2 3 4 |  4.5
Necromancy     | 1 2 3 4 |  4.5
Translocations | 1 2 3 4 |  4.5
Transmutations | 1 2 3 4 |  4.5
Ice Magic      | 1 2 3 4 |  4.5
Air Magic      | 1 2 3 4 |  4.5
Earth Magic    | 1 2 3 4 |  4.5
Poison Magic   | 1 2 3 4 |  4.5
Dodging        | 5 6 7 |  7.2
Stealth        | 5 6 |  6.9
Fire Magic     | 6 7 |  7.2

Action                   |  1- 3 |  4- 6 |  7- 9 | 10-12 || total
-------------------------+-------+-------+-------+-------++-------
Melee: Unarmed           |     4 |     5 |       |       ||     9
       Spear             |       |    95 |    74 |       ||   169
       Bite              |       |     9 |    12 |     5 ||    26
       Punch             |       |       |     4 |       ||     4
       Whip              |       |       |    41 |       ||    41
       Quarterstaff      |       |       |    60 |    58 ||   118
Throw: Tomahawk          |       |       |     3 |       ||     3
 Cast: Flame Tongue      |    48 |    35 |    15 |     4 ||   102
       Sticky Flame      |       |     7 |    24 |    29 ||    60
       Throw Flame       |       |    44 |    72 |    15 ||   131
  Use: Scroll            |       |     4 |     3 |     2 ||     9
       Potion            |       |       |     2 |       ||     2
 Stab: Sleeping          |       |     2 |     4 |     2 ||     8
  Eat: Chunk             |       |     6 |    11 |     6 ||    23
       Ration            |       |       |     1 |       ||     1
Armor: Robe              |     5 |     7 |    17 |     5 ||    34
Dodge: Dodged            |    17 |    92 |   143 |    88 ||   340
